PAAA
SCRANTON SUPERNOVAS @ FLORIDA MEN
09/15/2034
 
TOP OF THE 1ST
Scranton Supernovas batting - Pitching for Florida Men : RHP Tyler MacHugh
Pitching: RHP Tyler MacHugh
Batting: RHB Mike Pate 0-0: Ball
1-0: Fly out, F7 (Flyball, 7S)
Batting: RHB Miguel Canales 0-0: Swinging Strike
0-1: Ground out 6-3 (Groundball, 6D)
Batting: LHB Chase Popoff 0-0: Foul Ball, location: 2F
0-1: Ball
1-1: SINGLE (Line Drive, 78S)
Batting: RHB Felipe Bruno 0-0: Called Strike
0-1: Ball
1-1: Swinging Strike
1-2: Fly out, F7 (Flyball, 7S)
Top of the 1st over - 0 runs, 1 hit, 0 errors, 1 left on base; Scranton 0 - Florida 0
BOTTOM OF THE 1ST
Florida Men batting - Pitching for Scranton Supernovas : RHP Gilberto Pontojá
Pitching: RHP Gilberto Pontojá
Batting: SHB Henrique de Senna Fernandes 0-0: Called Strike
0-1: Ball
1-1: Ball
2-1: Ground out 4-3 (Groundball, 34)
Batting: RHB Henry Lambright 0-0: DOUBLE (Line Drive, 8RD)
Batting: RHB Vojtech Farkas 0-0: Ground out 5-3 (Groundball, 56S)
Henry Lambright to third
Batting: RHB Dave Norton 0-0: Fly out, F9 (Flyball, 89XD)
Bottom of the 1st over - 0 runs, 1 hit, 0 errors, 1 left on base; Scranton 0 - Florida 0
TOP OF THE 2ND
Scranton Supernovas batting - Pitching for Florida Men : RHP Tyler MacHugh
Batting: RHB José Bravo 0-0: Foul Ball, location: 2F
0-1: Ball
1-1: Called Strike
1-2: Ground out 4-3 (Groundball, 4)
Batting: RHB José Rodríguez 0-0: Ball
1-0: Ball
2-0: Ball
3-0: Base on Balls
Batting: RHB Senior Pond 0-0: Called Strike
0-1: Ball
1-1: DOUBLE (Line Drive, 7LD)
José Rodríguez to third
Runner from 3rd tries for Home, SAFE, no throw
Batting: RHB Rodrigo Lugo 0-0: Ball
1-0: SINGLE (Flyball, 8LS)
Senior Pond to third
Batting: RHB Augusto Escobar 0-0: Called Strike
0-1: SINGLE (Flyball, 9LM)
Senior Pond scores
Rodrigo Lugo to second
Runner from 2nd tries for 3rd, SAFE, no throw
Batting: RHB Mike Pate 0-0: Called Strike
0-1: Ball
1-1: Ball
2-1: Foul Ball, location: 2F
2-2: Foul Ball, location: 2F
2-2: SINGLE (Groundball, 56S) (infield hit)
Rodrigo Lugo scores
Augusto Escobar to second
Batting: RHB Miguel Canales 0-0: Grounds into double play, 5-4-3 (Groundball, 56)
Top of the 2nd over - 3 runs, 4 hits, 0 errors, 1 left on base; Scranton 3 - Florida 0
BOTTOM OF THE 2ND
Florida Men batting - Pitching for Scranton Supernovas : RHP Gilberto Pontojá
Batting: RHB Bob Phillips 0-0: Called Strike
0-1: Ball
1-1: SINGLE (Line Drive, 7S)
Batting: RHB José Córdova 0-0: Ball
1-0: Ball
2-0: Ball
3-0: Called Strike
3-1: Single, Error in OF, E9, batter to second base
Bob Phillips to third
Batting: SHB Spencer Landes 0-0: Ground out 4-3 (Groundball, 4)
Bob Phillips scores
José Córdova to third
Batting: LHB Alfred Miles 0-0: Ball
1-0: Called Strike
1-1: Swinging Strike
1-2: Foul Ball, location: 2F
1-2: Ball
2-2: Foul Ball, location: 2F
2-2: Ball
3-2: Foul Ball, location: 2F
3-2: SINGLE (Line Drive, 4MD)
José Córdova scores
Batting: LHB Bastyão Lizardo 0-0: Ball
1-0: Called Strike
1-1: Swinging Strike
1-2: Ball
2-2: Strikes out looking
Batting: SHB Henrique de Senna Fernandes 0-0: Ball
1-0: Ball
2-0: Ball
3-0: Called Strike
3-1: Ground out 4-3 (Groundball, 4)
Bottom of the 2nd over - 2 runs, 3 hits, 1 error, 1 left on base; Scranton 3 - Florida 2
TOP OF THE 3RD
Scranton Supernovas batting - Pitching for Florida Men : RHP Tyler MacHugh
Batting: LHB Chase Popoff 0-0: Ball
1-0: Ball
2-0: DOUBLE (Line Drive, 9LD)
Batting: RHB Felipe Bruno 0-0: Ball
1-0: Foul Ball, location: 2F
1-1: Ball
2-1: Fly out, F8 (Flyball, 8LD)
Batting: RHB José Bravo 0-0: Called Strike
0-1: Called Strike
0-2: Ball
Wild Pitch!
Chase Popoff to third
1-2: Strikes out swinging
Batting: RHB José Rodríguez 0-0: Called Strike
0-1: Ball
1-1: SINGLE (Line Drive, 7S)
Chase Popoff scores
Batting: RHB Senior Pond 0-0: SINGLE (Groundball, 15) (infield hit)
José Rodríguez to second
Batting: RHB Rodrigo Lugo 0-0: Ball
1-0: Ball
2-0: Ball
3-0: Base on Balls
José Rodríguez to third
Senior Pond to second
Batting: RHB Augusto Escobar 0-0: Ball
1-0: Called Strike
1-1: Foul Ball, location: 2F
1-2: Ball
2-2: Foul Ball, location: 2F
2-2: Ball
3-2: Foul Ball, location: 2F
3-2: Base on Balls
José Rodríguez scores
Senior Pond to third
Rodrigo Lugo to second
Batting: RHB Mike Pate 0-0: Ball
1-0: Foul Ball, location: 2F
1-1: Ball
2-1: Ball
3-1: Base on Balls
Senior Pond scores
Rodrigo Lugo to third
Augusto Escobar to second
Batting: RHB Miguel Canales 0-0: SINGLE (Groundball, 56S) (infield hit)
Rodrigo Lugo scores
Augusto Escobar to third
Mike Pate to second
Batting: LHB Chase Popoff 0-0: Called Strike
0-1: Ball
1-1: Foul Ball, location: 2F
1-2: Foul Ball, location: 2F
1-2: Ball
2-2: Foul Ball, location: 2F
2-2: Ball
3-2: Foul Ball, location: 2F
3-2: Foul Ball, location: 2F
3-2: Foul Ball, location: 2F
3-2: SINGLE (Flyball, 8RS)
Augusto Escobar scores
Mike Pate to third
Miguel Canales to second
Mike Pate scores
Miguel Canales to third
Batting: RHB Felipe Bruno 0-0: Ball
1-0: Foul Ball, location: 2F
1-1: Ball
2-1: Ball
3-1: Foul Ball, location: 2F
3-2: Foul Ball, location: 2F
3-2: Ground out 1-3 (Groundball, 13)
Top of the 3rd over - 6 runs, 5 hits, 0 errors, 2 left on base; Scranton 9 - Florida 2
BOTTOM OF THE 3RD
Florida Men batting - Pitching for Scranton Supernovas : RHP Gilberto Pontojá
Batting: RHB Henry Lambright 0-0: Called Strike
0-1: Ball
1-1: Foul Ball, location: 2F
1-2: Ball
2-2: Strikes out swinging
Batting: RHB Vojtech Farkas 0-0: Fly out, F9 (Flyball, 9S)
Batting: RHB Dave Norton 0-0: Called Strike
0-1: Ball
1-1: Ball
2-1: Ball
3-1: Called Strike
3-2: Foul Ball, location: 2F
3-2: Strikes out swinging
Bottom of the 3rd over - 0 runs, 0 hits, 0 errors, 0 left on base; Scranton 9 - Florida 2
TOP OF THE 4TH
Scranton Supernovas batting - Pitching for Florida Men : RHP Tyler MacHugh
Batting: RHB José Bravo 0-0: Called Strike
0-1: Foul Ball, location: 2F
0-2: Ball
1-2: Strikes out swinging
Batting: RHB José Rodríguez 0-0: Called Strike
0-1: Ball
1-1: Ball
2-1: Ball
3-1: Base on Balls
Batting: RHB Senior Pond 0-0: Ball
1-0: Ball
2-0: Ball
3-0: Called Strike
3-1: Foul Ball, location: 2F
3-2: Base on Balls
José Rodríguez to second
Batting: RHB Rodrigo Lugo 0-0: SINGLE (Groundball, 56D)
José Rodríguez to third
Senior Pond to second
Batting: RHB Augusto Escobar 0-0: Ball
1-0: DOUBLE (Line Drive, 7LS)
José Rodríguez scores
Senior Pond scores
Rodrigo Lugo to third
Runner from 3rd tries for Home, SAFE, no throw
Batting: RHB Mike Pate 0-0: Ball
1-0: Ball
2-0: Ball
3-0: Called Strike
3-1: Called Strike
3-2: SINGLE (Line Drive, 34D)
Augusto Escobar to third
Runner from 3rd tries for Home, SAFE, no throw
Pitching: RHP Júlio Vázquez
Batting: RHB Miguel Canales 0-0: Called Strike
0-1: Grounds into double play, 6-4-3 (Groundball, 6)
Top of the 4th over - 4 runs, 3 hits, 0 errors, 0 left on base; Scranton 13 - Florida 2
BOTTOM OF THE 4TH
Florida Men batting - Pitching for Scranton Supernovas : RHP Gilberto Pontojá
Batting: RHB Bob Phillips 0-0: Ground out 5-3 (Groundball, 56)
Batting: RHB José Córdova 0-0: Ball
1-0: Ball
2-0: Ball
3-0: Base on Balls
Batting: SHB Spencer Landes 0-0: Called Strike
0-1: Foul Ball, location: 2F
0-2: Ball
1-2: Ball
2-2: Strikes out swinging
José Córdova steals 2nd base
Batter strikes out.
Batting: LHB Alfred Miles 0-0: Ground out U3 (Groundball, 3L)
Bottom of the 4th over - 0 runs, 0 hits, 0 errors, 1 left on base; Scranton 13 - Florida 2
TOP OF THE 5TH
Scranton Supernovas batting - Pitching for Florida Men : RHP Júlio Vázquez
Batting: LHB Chase Popoff 0-0: Called Strike
0-1: Ball
1-1: Swinging Strike
1-2: Strikes out swinging
Batting: RHB Felipe Bruno 0-0: Ball
1-0: Called Strike
1-1: Called Strike
1-2: Foul Ball, location: 2F
1-2: Strikes out looking
Batting: RHB José Bravo 0-0: Called Strike
0-1: SINGLE (Groundball, 34D)
Batting: RHB José Rodríguez 0-0: Ball
1-0: Foul Ball, location: 2F
1-1: Fly out, F8 (Flyball, 8LM)
Top of the 5th over - 0 runs, 1 hit, 0 errors, 1 left on base; Scranton 13 - Florida 2
BOTTOM OF THE 5TH
Florida Men batting - Pitching for Scranton Supernovas : RHP Gilberto Pontojá
Batting: LHB Bastyão Lizardo 0-0: Called Strike
0-1: Ball
1-1: Ball
2-1: SINGLE (Groundball, 3D)
Batting: SHB Henrique de Senna Fernandes 0-0: Ball
1-0: Foul Ball, location: 2F
1-1: Ball
2-1: Fly out, F9 (Line Drive, 9)
Batting: RHB Henry Lambright 0-0: Ball
1-0: Ball
2-0: Foul Ball, location: 2F
2-1: 2-RUN HOME RUN (Flyball, 78XD), Distance : 412 ft
Batting: RHB Vojtech Farkas 0-0: Called Strike
0-1: Foul Ball, location: 2F
0-2: Foul Ball, location: 2F
0-2: Ground out 5-3 (Groundball, 5)
Batting: RHB Dave Norton 0-0: Ball
1-0: Called Strike
1-1: Swinging Strike
1-2: Foul Ball, location: 2F
1-2: Ball
2-2: Ball
3-2: Ground out 6-3 (Groundball, 6)
Bottom of the 5th over - 2 runs, 2 hits, 0 errors, 0 left on base; Scranton 13 - Florida 4
TOP OF THE 6TH
Scranton Supernovas batting - Pitching for Florida Men : RHP Júlio Vázquez
Batting: RHB Senior Pond 0-0: Foul Ball, location: 2F
0-1: Ball
1-1: Ball
2-1: Ball
3-1: Called Strike
3-2: Foul Ball, location: 2F
3-2: Base on Balls
Batting: RHB Rodrigo Lugo 0-0: Called Strike
0-1: Ball
1-1: Grounds into double play, 6-4-3 (Groundball, 6)
Batting: RHB Augusto Escobar 0-0: Ball
1-0: Ball
2-0: Ball
3-0: Called Strike
3-1: Fly out, F8 (Flyball, 78S)
Top of the 6th over - 0 runs, 0 hits, 0 errors, 0 left on base; Scranton 13 - Florida 4
BOTTOM OF THE 6TH
Florida Men batting - Pitching for Scranton Supernovas : RHP Gilberto Pontojá
Batting: RHB Bob Phillips 0-0: Called Strike
0-1: Ball
1-1: Foul Ball, location: 2F
1-2: Strikes out swinging, 2-3 out at first.
Batting: RHB José Córdova 0-0: Ball
1-0: Ball
2-0: Ball
3-0: Base on Balls
Batting: SHB Spencer Landes 0-0: Ball
1-0: Fly out, F7 (Flyball, 7D)
Batting: LHB Alfred Miles 0-0: Ball
1-0: Called Strike
1-1: Ball
2-1: SINGLE (Line Drive, 34)
José Córdova to second
Runner from 2nd tries for 3rd, SAFE, throw made to third
Batting: LHB Bastyão Lizardo 0-0: Ball
1-0: Called Strike
1-1: Foul Ball, location: 2F
1-2: Ball
2-2: Strikes out looking
Bottom of the 6th over - 0 runs, 1 hit, 0 errors, 2 left on base; Scranton 13 - Florida 4
TOP OF THE 7TH
Scranton Supernovas batting - Pitching for Florida Men : RHP Júlio Vázquez
Batting: RHB Mike Pate 0-0: Fly out, F3 (Popup, 34)
Batting: RHB Miguel Canales 0-0: Swinging Strike
0-1: Swinging Strike
0-2: Ball
1-2: Ball
2-2: Hit by Pitch
Batting: LHB Chase Popoff 0-0: Ball
1-0: Ball
2-0: Called Strike
2-1: Ball
3-1: 2-RUN HOME RUN (Flyball, 7D), Distance : 375 ft
Batting: RHB Felipe Bruno 0-0: SINGLE (Flyball, 7S)
Batting: RHB José Bravo 0-0: Swinging Strike
0-1: Called Strike
0-2: Grounds into double play, 2-4-3 (Groundball, 2L)
Top of the 7th over - 2 runs, 2 hits, 0 errors, 0 left on base; Scranton 15 - Florida 4
BOTTOM OF THE 7TH
Florida Men batting - Pitching for Scranton Supernovas : RHP Gilberto Pontojá
Batting: SHB Henrique de Senna Fernandes 0-0: Ball
1-0: Called Strike
1-1: Ball
2-1: Fly out, F8 (Flyball, 8RS)
Batting: RHB Henry Lambright 0-0: Ball
1-0: Called Strike
1-1: SOLO HOME RUN (Flyball, 7D), Distance : 380 ft
Batting: RHB Vojtech Farkas 0-0: Ball
1-0: Called Strike
1-1: Called Strike
1-2: Ball
2-2: Ball
3-2: SINGLE (Groundball, 56D)
Pitching: LHP Phil Miles
Batting: RHB Dave Norton 0-0: Ball
1-0: Ball
2-0: Ball
3-0: Called Strike
3-1: Called Strike
3-2: Strikes out swinging
Vojtech Farkas steals 2nd base
Batter strikes out.
Batting: RHB Bob Phillips 0-0: Called Strike
0-1: Called Strike
0-2: Strikes out swinging
Bottom of the 7th over - 1 run, 2 hits, 0 errors, 1 left on base; Scranton 15 - Florida 5
TOP OF THE 8TH
Scranton Supernovas batting - Pitching for Florida Men : RHP Júlio Vázquez
Batting: RHB José Rodríguez 0-0: Ball
1-0: Ball
2-0: Foul Ball, location: 2F
2-1: Ball
3-1: Base on Balls
Batting: RHB Senior Pond 0-0: Called Strike
0-1: Ball
1-1: Foul Ball, location: 2F
1-2: Strikes out swinging
Batting: RHB Rodrigo Lugo 0-0: Foul Ball, location: 2F
0-1: Ball
1-1: Grounds into double play, 1-6-3 (Groundball, 13S)
Top of the 8th over - 0 runs, 0 hits, 0 errors, 0 left on base; Scranton 15 - Florida 5
BOTTOM OF THE 8TH
Florida Men batting - Pitching for Scranton Supernovas : LHP Phil Miles
Batting: RHB José Córdova 0-0: Ball
1-0: Fly out, F5 (Popup, 25)
Batting: SHB Spencer Landes 0-0: Ball
1-0: Called Strike
1-1: SINGLE (Groundball, 56D)
Batting: LHB Alfred Miles 0-0: Ball
1-0: Ball
2-0: Ball
3-0: Base on Balls
Spencer Landes to second
Batting: LHB Bastyão Lizardo 0-0: Ball
1-0: Called Strike
1-1: Called Strike
1-2: Strikes out swinging
Batting: SHB Henrique de Senna Fernandes 0-0: Ball
1-0: Fly out, F7 (Flyball, 7)
Bottom of the 8th over - 0 runs, 1 hit, 0 errors, 2 left on base; Scranton 15 - Florida 5
TOP OF THE 9TH
Scranton Supernovas batting - Pitching for Florida Men : RHP Júlio Vázquez
Batting: RHB Augusto Escobar 0-0: Ball
1-0: Ball
2-0: Called Strike
2-1: Swinging Strike
2-2: Ground out 5-3 (Groundball, 5)
Batting: RHB Mike Pate 0-0: Called Strike
0-1: Ball
1-1: Ball
2-1: SINGLE (Flyball, 89M)
Pitching: RHP Brian Scalabrine
Batting: RHB Miguel Canales 0-0: Ball
Mike Pate steals 2nd base
1-0: Foul Ball, location: 2F
1-1: Swinging Strike
1-2: SINGLE (Groundball, 6MD)
Mike Pate to third
Runner from 3rd tries for Home, SAFE, throw made home
Batting: LHB Chase Popoff 0-0: Called Strike
0-1: Ball
1-1: Ball
2-1: Fly out, F9 (Flyball, 9LM)
Batting: RHB Felipe Bruno 0-0: Ball
1-0: Ball
2-0: Called Strike
2-1: SINGLE (Groundball, 6MD)
Miguel Canales to second
Batting: RHB José Bravo 0-0: DOUBLE (Line Drive, 7D)
Miguel Canales scores
Felipe Bruno to third
Runner from 3rd tries for Home, SAFE, no throw
Batting: RHB José Rodríguez 0-0: Swinging Strike
0-1: Called Strike
0-2: Fly out, F9 (Flyball, 9LS)
Top of the 9th over - 3 runs, 4 hits, 0 errors, 1 left on base; Scranton 18 - Florida 5
BOTTOM OF THE 9TH
Florida Men batting - Pitching for Scranton Supernovas : LHP Phil Miles
Batting: RHB Henry Lambright 0-0: Ball
1-0: Ball
2-0: Ball
3-0: Base on Balls
Batting: RHB Vojtech Farkas 0-0: Ball
1-0: Grounds into double play, 4-6-3 (Groundball, 4)
Batting: RHB Dave Norton 0-0: Ball
1-0: Called Strike
1-1: Ball
2-1: SINGLE (Groundball, 15S) (infield hit)
Batting: RHB Bob Phillips 0-0: Called Strike
0-1: Ball
1-1: Fly out, F9 (Line Drive, 89S)
Bottom of the 9th over - 0 runs, 1 hit, 0 errors, 1 left on base; Scranton 18 - Florida 5
Friday, March 29th, 2019 - OOTP Baseball 18.8 Build 76